Cogmind - Beta 15 @@@ ROGUE MODE // 2025.08.15 @ 22:45:52 Player: Waste Result: Destroyed by S-10 Pest with Light Assault Rifle Performance ------------- Evolutions (0) 0 Regions Visited (2) 400 Robots Destroyed (25) 125 Value Destroyed (729) 729 Prototype IDs (11) 220 Alien Tech Used (0) 0 Bonus (0) 0 TOTAL SCORE: 1474 Bonus ------- None Cogmind --------- Core Integrity 0/250 Matter 282/300 Energy 160/160 System Corruption 0% Temperature Cool (0) Movement Rolling (120) Ox1 Location -10/Subcaves Parts ------- > --- POWER (1) -------- Light Nuclear Core > --- PROPULSION (2) --- Aluminum Leg Subdweller Monowheel > --- UTILITY (2) ------ Large Storage Unit > --- WEAPON (2) ------- Assault Rifle Assault Rifle > --- INVENTORY (15) --- Cargo Legs Signal Interpreter Scrap Shield Power Bank Grenade Launcher Peak State ------------ > --- POWER ------------ Light Nuclear Core > --- PROPULSION ------- Light Treads Light Treads > --- UTILITY ---------- Improved Heat Sink Large Storage Unit > --- WEAPON ----------- Subdweller Laser Subdweller Machine Gun > --- INVENTORY -------- Ion Engine Ion Engine Light Nuclear Core Light Treads Aluminum Leg Cargo Legs Signal Interpreter Scrap Shield EM Pulse Gun Particle Gun Assault Rifle Light Assault Rifle Grenade Launcher [Rating: 16] Favorites ----------- Power Light Nuclear Core Engine Ion Engine Power Core Light Nuclear Core Propulsion Aluminum Leg Treads Light Treads Leg Aluminum Leg Wheel Subdweller Monowheel Utility Large Storage Unit Device Improved Heat Sink Storage Large Storage Unit Weapon Assault Rifle Energy Gun Subdweller Laser Ballistic Gun Assault Rifle Launcher Grenade Launcher Build | -11 -10 -10 ------- Run | Yrd Mat Sub Slots Evolved . | . . . Power . | . . . Propulsion . | . . . Utility . | . . . Weapon . | . . . Parts Attached 25 | . 9 16 Power 4 | . 1 3 Engine 2 | . 1 1 Core 2 | . . 2 Reactor . | . . . Propulsion 8 | . 2 6 Treads 3 | . . 3 Leg 3 | . 2 1 Wheel 2 | . . 2 Hover . | . . . Flight . | . . . Utility 4 | . 3 1 Device 3 | . 2 1 Storage 1 | . 1 . Processor . | . . . Hackware . | . . . Protection . | . . . Artifact . | . . . Weapon 9 | . 3 6 Energy Gun 2 | . . 2 Energy Cannon . | . . . Ballistic Gun 6 | . 3 3 Ballistic Cannon . | . . . Launcher 1 | . . 1 Special Weapon . | . . . Impact Weapon . | . . . Slashing Weapon . | . . . Piercing Weapon . | . . . Special Melee Weapon . | . . . Unidentified Prototypes . | . . . Parts Lost 11 | . 1 10 Power 4 | . 1 3 Propulsion 3 | . . 3 Utility . | . . . Weapon 4 | . . 4 Highest Loss Streak 9 | . 1 9 To Critical Strikes . | . . . Average Backups 12 | . 12 11 Power 2 | . 2 2 Propulsion 3 | . 4 2 Utility 2 | . 2 2 Weapon 3 | . 2 3 Tool/Special . | . . . Unused Backups 12 | . 5 7 Power 1 | . 1 . Propulsion 5 | . 4 1 Utility 5 | . . 5 Weapon 1 | . . 1 Tool/Special . | . . . Average Slot Usage (%) 95 | . 96 94 Engine 6 | . 13 2 Core 7 | . . 10 Treads 11 | . . 18 Leg 14 | . 28 7 Wheel 1 | . . 2 Device 10 | . 11 10 Storage 14 | . 14 14 Energy Gun 6 | . . 9 Ballistic Gun 21 | . 26 18 Peak Build Rating 16 | . 11 16 Average Rating 12 | . 9 13 On Entrance 7 | 6 6 11 Naked Turns . | . . . Heaviest Build 35 | 11 29 35 Greatest Support 40 | 20 20 40 Greatest Overweight (x) 7 | . 1 7 Average Overweight (x) . | . . . Largest Inventory Capacity 15 | . 15 15 Average Capacity 14 | . 14 15 Most Carried 15 | . 15 15 Average Carried 13 | . 12 13 Final Capacity 15 | 8 15 15 Final Carried 15 | 6 15 7 Class Distribution -------------------- 81% | Mutant 18% | Scavenger-Mutant Dominant Class ---------------- Mutant | -10/Materials Mutant | -10/Subcaves Resources | -11 -10 -10 ----------- Run | Yrd Mat Sub Matter Collected 697 | 200 222 275 Remotely . | . . . Salvage Created 854 | . 521 333 Parts 46 | . 33 13 Haulers Intercepted . | . . . Recyclers Shooed . | . . . Parts Field Recycled . | . . . Retrieved Matter . | . . . Parts Self-Destructed 16 | . . 16 Prevented . | . . . Kills | -11 -10 -10 ------- Run | Yrd Mat Sub Combat Hostiles Destroyed 22 | . 13 9 Guns 22 | . 13 9 Classes Destroyed 7 | . 5 2 Worker 1 | . 1 . Recycler 1 | . 1 . Watcher 1 | . 1 . Swarmer 6 | . 6 . Grunt 8 | . 7 1 Sentry 1 | . . 1 Subdweller 7 | . . 7 Best Kill Streak 6 | . 6 2 Combat Bots Only 6 | . 6 2 Max Kills in Single Turn 2 | . 2 1 Gunslinging 1 | . 1 . Exploded . | . . . Melee . | . . . Uniques/NPCs Destroyed . | . . . Combat | -11 -10 -10 -------- Run | Yrd Mat Sub Hostile Shots Fired 123 | . 55 68 Missed 28 | . 16 12 Hits 95 | . 39 56 Projectile 95 | . 39 56 Critical Strikes 3 | . 1 2 Part Disruptions 1 | . 1 . Damage Taken 1691 | . 520 1171 Core 255 | . 95 160 Absorbed by Shields . | . . . Core Remaining (%) 100 | 100 . . Volleys Fired 87 | . 34 53 Largest 2 | . 2 2 Hottest 95 | . 60 95 Shots Fired 164 | . 68 96 Gun 164 | . 68 96 Cannon . | . . . Launcher . | . . . Special . | . . . Kinetic 120 | . 67 53 Thermal 43 | . . 43 Explosive . | . . . Electromagnetic 1 | . 1 . Robot Hit Streak 16 | . 12 16 Robot Miss Streak 4 | . 3 4 Penetration Max . | . . . Secondary Targets 4 | . 4 . Max Gunslinging Chain 1 | . 1 . Shots Hit Robots 106 | . 46 60 Core Hits 44 | . 27 17 Critical Kills . | . . . Critical Parts Destroyed . | . . . Critical Strikes 2 | . . 2 Destroy 2 | . . 2 Melee Attacks . | . . . Impact . | . . . Slashing . | . . . Piercing . | . . . Sneak Attacks . | . . . Combat Hostiles . | . . . Follow-up Attacks . | . . . Damage Inflicted 1680 | . 568 1112 Guns 1620 | . 508 1112 Cannons . | . . . Explosions 46 | . 46 . Melee . | . . . Ramming 14 | . 14 . Kinetic 1044 | . 484 560 Thermal 598 | . 46 552 Explosive . | . . . Electromagnetic 24 | . 24 . Impact . | . . . Slashing . | . . . Piercing . | . . . Highest Corruption . | . . . Average Corruption . | . . . Corruption Purged . | . . . Corruption Blocked . | . . . Overload Shots . | . . . Overflow Damage 16 | . 16 . Projectiles . | . . . Explosions 16 | . 16 . Melee . | . . . Knockbacks . | . . . Impact . | . . . Kinetic . | . . . Secondary . | . . . Self-Inflicted Damage . | . . . Shots . | . . . Rammed . | . . . Targets Rammed 6 | . 6 . Kicked 6 | . 6 . Crushed . | . . . Highest Temperature 255 | . 13 255 Average Temperature 115 | . 8 152 Received Heat Transfer 740 | . 204 536 Siege Activations . | . . . Martial Activations . | . . . Shielding Activations . | . . . Robots Disrupted . | . . . Combat Hostiles . | . . . Robots Corrupted . | . . . Combat Hostiles . | . . . Parts Fried . | . . . Impact Corruptions . | . . . Robots Melted . | . . . Combat Hostiles . | . . . Parts Melted 1 | . . 1 Heat Transferred 859 | . 50 809 Parts Sabotaged . | . . . Parts Stolen . | . . . Parts Stripped . | . . . Power Chain Reactions 1 | . 1 . Alert | -11 -10 -10 ------- Run | Yrd Mat Sub Maximum Alert Level . | . . . Low Security (%) 100 | . 100 . Level 1 . | . . . Level 2 . | . . . Level 3 . | . . . Level 4 . | . . . Level 5 . | . . . High Security . | . . . Max Security . | . . . Peak Influence 177 | . 177 . Initial . | . . . Average 43 | . 43 . Influence Increases 477 | . 397 80 Destroy 0b10 Robot/C 300 | . 260 40 Destroy 0b10 Robot/NC 15 | . 15 . Destroy Leader 62 | . 52 10 Successful Hack 6 | . 6 . Disable Machine 15 | . 15 . Destroy Structure 4 | . 4 . Lose Combat Pursuer 75 | . 45 30 Influence Decreases 450 | . 284 166 Entered New Map 55 | . . 55 Time Decay 395 | . 284 111 Squads Dispatched 1 | . 1 . Investigation . | . . . Extermination . | . . . Reinforcement 1 | . 1 . Assault . | . . . Garrison . | . . . Intercept . | . . . Searches Triggered . | . . . Construction Impeded . | . . . Haulers Reinforced . | . . . Active Scanning Responses . | . . . Cargo Convoy Interrupts . | . . . Stealth | -11 -10 -10 --------- Run | Yrd Mat Sub Distress Signals . | . . . Communications Jammed . | . . . Distress Signals . | . . . Times Spotted 32 | . 22 10 Peak Tracking Total 6 | . 6 3 Tactical Retreats 2 | . 1 1 Traps | -11 -10 -10 ------- Run | Yrd Mat Sub Traps Triggered 3 | . 2 1 Indirectly . | . . . Trap Hack Attempts . | . . . Triggered . | . . . Disarmed . | . . . Reprogrammed . | . . . Reused . | . . . Traps Extracted . | . . . Installed . | . . . Triggered . | . . . Machines | -11 -10 -10 ---------- Run | Yrd Mat Sub Machines Disabled 2 | . 1 1 Max in Single Turn 1 | . 1 1 Machines Repaired . | . . . Machines Dismantled . | . . . Machines Sabotaged . | . . . Overloaded Fab Kills . | . . . Hacking | -11 -10 -10 --------- Run | Yrd Mat Sub Machines Accessed 5 | . 4 1 Terminals 4 | . 4 . Fabricators . | . . . Repair Stations . | . . . Recycling Units . | . . . Scanalyzers . | . . . Garrison Access . | . . . Total Hacks 14 | . 13 1 Successful 2 | . 1 1 Failed 12 | . 12 . Catastrophic 3 | . 3 . Database Lockouts . | . . . Manual 13 | . 13 . Terminals 13 | . 13 . Fabricators . | . . . Repair Stations . | . . . Recycling Units . | . . . Scanalyzers . | . . . Garrison Access . | . . . Terminal Hacks 2 | . 1 1 Robot Analysis 1 | . 1 . Proto ID Catalog 1 | . . 1 Fabricator Hacks . | . . . Repair Station Hacks . | . . . Recycling Unit Hacks . | . . . Scanalyzer . | . . . Garrison Access Hacks . | . . . Unauthorized Hacks . | . . . Terminals . | . . . Fabricators . | . . . Repair Stations . | . . . Recycling Units . | . . . Scanalyzers . | . . . Garrison Access . | . . . Data Cores Recovered . | . . . Used . | . . . Hacking Detections 4 | . 4 . Full Trace Events 1 | . 1 . Feedback Events . | . . . Feedback Blocked . | . . . Robot Schematics Acquired . | . . . Robots Built . | . . . Authchips . | . . . Time . | . . . Total Robot Build Rating . | . . . Part Schematics Acquired . | . . . Parts Built . | . . . Authchips . | . . . Time . | . . . Total Part Build Rating . | . . . Parts Repaired . | . . . Time . | . . . Parts Recycled . | . . . Recycled Matter . | . . . Retrieved Matter . | . . . Retrieved Components . | . . . Parts Scanalyzed . | . . . Part Schematics Acquired . | . . . Parts Damaged . | . . . Bothacking | -11 -10 -10 ------------ Run | Yrd Mat Sub Used RIF Installer . | . . . Robots Hacked . | . . . Non-combat . | . . . Combat . | . . . Robot Hacks Applied . | . . . Relay Couplers Released . | . . . Fabnet Peak Effective % . | . . . Robots Rewired . | . . . Allies Hacked . | . . . Hacks Repelled . | . . . Allies | -11 -10 -10 -------- Run | Yrd Mat Sub Total Allies . | . . . Largest Group . | . . . Highest-Rated Group . | . . . Highest-Rated Ally . | . . . Total Orders . | . . . Ally Attacks . | . . . Total Damage . | . . . Kills . | . . . Allies Corrupted . | . . . Allies Melted . | . . . Intel | -11 -10 -10 ------- Run | Yrd Mat Sub Active Infowar (turns) 119 | . . 119 Optics 119 | . . 119 Robot Analysis Total 1 | . 1 . Derelict Logs Recovered 1 | . . 1 Drone Launches . | . . . Drone Recoveries . | . . . Exploration | -11 -10 -10 ------------- Run | Yrd Mat Sub Turns Passed 2753 | . 964 1789 Spaces Moved 1369 | 1 423 945 Core 1 | . . 1 Treads 622 | . . 622 Legs 626 | 1 423 202 Wheels 120 | . . 120 Hover . | . . . Flight . | . . . Fastest Speed 120 | 120 120 120 Average Speed 169 | 120 174 166 Slowest Speed 400 | 120 190 400 Overloaded Moves . | . . . Propulsion Burnouts . | . . . Robots Hopped . | . . . Potential Cave-ins . | . . . Cave-ins Triggered . | . . . Exploration Rate (%) 46 | 1 77 61 Regions Visited 2 Branch Regions 1 Pre-discovered Areas . | . . . Known Exits Taken . | . . . Unknown Exits Taken 2 | 1 1 . Scrap Searched . | . . . Spaces Dug . | . . . Terrain Destroyed 3 | . 3 . Melee . | . . . Projectile . | . . . AOE 3 | . 3 . Terrain Rammed . | . . . Walls Destroyed . | . . . Machines Disabled . | . . . Actions | -11 -10 -10 --------- Run | Yrd Mat Sub Total 1643 | . 581 1062 Wait 116 | . 91 25 Move 1367 | . 422 945 Hop . | . . . Pick Up 19 | . 10 9 Fast Attach 5 | . 5 . Attach 13 | . 1 12 Detach 1 | . 1 . Swap 14 | . 6 8 Drop 15 | . 5 10 Fire 87 | . 34 53 Melee . | . . . Ram . | . . . Kick 6 | . 6 . Crush . | . . . Escape Stasis . | . . . Rewire . | . . . Trap . | . . . Miscellaneous . | . . . Route ------- -11/Scrapyard -10/Materials (discovered 5 exits: [*Mat x3] / [*Min] / *Sub) -10/Subcaves (discovered 2 exits: [*Mat x2]) History --------- Turn | Location | Event 1 | -11/Scrapyard | Discovered new exit (range 0) 1 | -11/Scrapyard | Entered Materials 93 | -10/Materials | Discovered new exit (range 15) 308 | -10/Materials | Build established: Mutant 380 | -10/Materials | Discovered new exit (range 16) 722 | -10/Materials | Discovered new exit (range 15) 880 | -10/Materials | Discovered new exit (range 16) 949 | -10/Materials | Discovered new exit (range 6) 965 | -10/Materials | Entered Subcaves 966 | -10/Subcaves | Approached by a straggling Scientist 1318 | -10/Subcaves | Visited 4L-MR0's lab 1339 | -10/Subcaves | Found Cargo Legs 1559 | -10/Subcaves | A swath of the cavern ceiling suddenly collapsed 1595 | -10/Subcaves | A swath of the cavern ceiling suddenly collapsed 1825 | -10/Subcaves | Learned Materials trap positions 1888 | -10/Subcaves | Shifting Twisted Machinery released Sub. Monowheel 1926 | -10/Subcaves | Shifting Twisted Machinery released Battle Rifle 1986 | -10/Subcaves | Core integrity fell below 50% 2050 | -10/Subcaves | Build established: Scavenger-Mutant 2068 | -10/Subcaves | Ambushed by Subdwellers from Twisted Machinery 2308 | -10/Subcaves | Discovered new exit (range 7) 2326 | -10/Subcaves | A Subdweller sparked back to life 2373 | -10/Subcaves | Core integrity fell below 20% 2385 | -10/Subcaves | Found Power Bank 2451 | -10/Subcaves | Lost 9 parts (3p2n4w) 2554 | -10/Subcaves | Build established: Mutant 2719 | -10/Subcaves | Discovered new exit (range 9) 2754 | -10/Subcaves | Destroyed by S-10 Pest with Light Assault Rifle Last Messages --------------- 02379_ O7-16R(R) destroyed. 02382_ Acquired 30 matter. 02385_ Acquired Power Bank. 02385_ Sub. Laser destroyed. 02402_ Ion Engine destroyed. 02404_ Critical hit (Meltdown: +260). 02410_ Lgt. Treads destroyed. 02416_ Sub. Machine Gun destroyed. 02420_ Particle Gun destroyed. 02420_ Lgt. Treads destroyed. 02423_ Destroyed Scrap Shield. 02429_ Disposable Heat Sink melted. 02429_ IW-5WY(R) destroyed. 02432_ Acquired 24 matter. 02441_ Acquired 42 matter. 02567_ Sub. Monowheel shoots sparks and powers down. 02717_ Acquired 6 matter. 02719_ EXIT=FOUND 02730_ Acquired Sub. Monowheel. 02733_ Acquired 10 matter. Map ----- +----------------------------------------------------+ | ?????????????????????????????????????????????????? | | ?????????????????????????????????????????????????? | | ?????????????????????????????????????????????????? | | ?????????????????????????????????????????????????? | | ?????????????????????????????????????????????????? | | ?????????????????????????????????????????????????? | | ?????????????????????????????????????????????????? | | ?????????????????????????????????????????????????? | | ??????????????????????????????#??????????????????? | | ?????????????????????????????? %#????????????????? | | ?????????????????????????????? #????????????????? | | ????????????????????????????? ????????????????? | | ????????????????????????????? ?????????????????? | | ????????????????????????????? ?????????????????? | | ???????????????????????????? ??????????????????? | | ???????????????????????????? ??????????????????? | | ???????????????????????????? ???????????????????? | | ?????????????????????????### ###????? ???????????? | | ?????????????????????????# #???? #???????????? | | ?????????????????????????# #?? #???????????? | | ?????????????????????????# ## #????????????? | | ?????????????????????????# % #????????????? | | ????????????????????????## #????????????? | | ??????????????????####### s s #????????????? | | ?????????????????## ## #????????????? | | ?????????????????# @### #####????????????? | | ????????????????## < % ##?? #????????????????? | | ???????????????## % #???? ???????????????? | | ???????????????#% % #????? ??????????????? | | ???????????????# ##?????? #?????????????# | | ???????????????# % %##??????? "#???????????### | | ???????????????#### = #????????"#???????????# | | ??????????????????# #????????"#####???##### | | ??????????????????## ####??????????# ##### | | ??????????????????## #???????????## ## | | ???????????########% ##???????????# | | ???????????# R #???????????# ## | | ???????????# ##????###?#### ## | | ???????????# ### #?????# ## | | ???????????## ##?####?????# | | ????????????# #??????####?# | | ????????????# #????### ##?# # | | ????????????# #????# #?### ## # | | ????????????## #??## #???# ### ## # | | ??????????#### #### #??## ## ###### # | | ?????????## ## ## #??# #??# # | | ?????????# ## ##?# #? # | | ?????????## ## #?# #### ##? # | | ??????????## ## ### ??# ##?## ##?? | | ???????????## ### #?# #### ##?# ##??? | +----------------------------------------------------+ Best States ------------- Heat Dissipation 39 Energy Generation 14 Energy Capacity 250 Matter Stores 300 Matter Capacity 300 Sight Range 21 Terrain Scan Density 10 Evasion (%) 55 Recoil Reduction 2 Item Schematics ----------------- None Robot Schematics ------------------ None Fabricated ------------ Nothing Repaired ---------- Nothing Alien Tech Used ----------------- None Achievements -------------- None Challenges ------------ None Game ------ Seed DirtyHelicalFalx Manual? 0 Play Time 00:10:59 Cumulative 411.1 hours Start 2025.08.15 @ 22:36:03 End 2025.08.15 @ 22:45:52 Sessions 1 Manual Loads 0 Difficulty Rogue Special Mode None Game No. 524 Rogue 524 Adventurer 0 Explorer 0 Win Type - Total 32 Types 16/1/9/1/1/1/0/1/1/1 Lore% 88 Gallery% 83 Achievement% 77 Wizard Run 0 Options --------- Layout 0 ASCII 0 Keyboard 0 Movement Numpad Keybinds 0 Fullscreen 1 Font 18/SmallcapsGlow Map View 76x50 Zoom Use 0% Tactical HUD 1 Map Filters NONE Filters NONE Steam 1 RUN: 3006caf2-add6-429e-a936-a8650f7f9ce9